 Dungeon Crawl Stone Soup version 0.28-a0-863-g8cecda6153 (webtiles) character file.

Game seed: 16609959870773929926

3041 kae the Ruffian (level 9, -6/90 HPs)
             Began as a Black Draconian Transmuter on Nov 18, 2021.
             Mangled by an orc warrior (9 damage)
             ... on level 7 of the Dungeon.
             The game lasted 00:06:44 (8361 turns).

kae the Ruffian (Black Draconian Transmuter)        Turns: 8361, Time: 00:06:44

Health: -6/90      AC:  8    Str: 13    XL:     9   Next: 56%
Magic:  0/16       EV: 15    Int: 22    God:
Gold:   30         SH:  0    Dex: 12    Spells: 10/18 levels left

rFire   x . .      SeeInvis .     - Unarmed
rCold   + + +      Faith    .   (shield currently unavailable)
rNeg    . . .      Spirit   +   (armour unavailable)
rPois   +          Reflect  .   (helmet currently unavailable)
rElec   .          Harm     .   (cloak currently unavailable)
rCorr   .          Rampage  .   (gloves currently unavailable)
Will    .....                   (boots currently unavailable)
Stlth   +.........              f - amulet of guardian spirit
HPRegen 0.25/turn               d - +4 ring of evasion
MPRegen 0.15/turn               q - +6 ring of intelligence

@: ice-form
A: freezing attack, amphibious, boosted hp, (breathe lightning), AC +7, large,
unfitting armour, (electricity resistance), (cold-blooded)
a: End Transformation


You were on level 7 of the Dungeon.
You were a creature of crystalline ice.
You visited 1 branch of the dungeon, and saw 7 of its levels.

You collected 330 gold pieces.
You spent 300 gold pieces at shops.

Inventory:

Armour
 k - a +1 pair of boots of flying (melded)
Jewellery
 d - a +4 ring of evasion (left front paw)
 f - an amulet of guardian spirit (around neck)
 q - a +6 ring of intelligence (right front paw)
Wands
 b - a wand of paralysis (9)
 l - a wand of digging (7)
 o - a wand of iceblast (5)
Scrolls
 c - 4 scrolls of identify
 h - 4 scrolls of amnesia
 m - 3 scrolls of magic mapping
 r - a scroll of teleportation
 u - 2 scrolls of blinking
 v - a scroll of fear
Potions
 a - 3 potions of curing
 e - 2 potions of attraction
 g - 2 potions of heal wounds
 n - a potion of resistance
 p - 2 potions of lignification
 s - a potion of magic
 t - a potion of brilliance


   Skills:
 + Level 5.7 Fighting
 + Level 5.0 Dodging
 * Level 7.9 Unarmed Combat
 + Level 5.0 Spellcasting
 + Level 5.4 Transmutations
 - Level 4.0 Ice Magic
 - Level 1.0 Poison Magic


You had 10 spell levels left.
You knew the following spells:

 Your Spells              Type           Power      Damage    Failure   Level
a - Beastly Appendage     Tmut           58%        N/A       1%          1
b - Spider Form           Tmut/Pois      19%        N/A       9%          3
c - Ice Form              Ice/Tmut       26%        N/A       14%         4

Your spell library contained the following spells:

 Spells                   Type           Power      Damage    Failure   Level
 Wereblood                Tmut           29%        N/A       1%          2
 Ignite Poison            Fire/Tmut/Pois 14%        N/A       13%         3
 Scorch                   Fire           10%        2d5       16%         2
 Mephitic Cloud           Conj/Pois/Air  6%         N/A       26%         3
 Call Canine Familiar     Summ           5%         N/A       30%         3
 Portal Projectile        Hex/Tloc       10%        N/A       30%         3
 Flame Wave               Conj/Fire      5%         3d4       69%         4
 Leda's Liquefaction      Hex/Erth       2%         N/A       69%         4
 Freezing Cloud           Conj/Ice/Air   5%         6-21      86%         5
 Summon Cactus Giant      Summ           2%         N/A       100%        6


Dungeon Overview and Level Annotations

Branches:
Dungeon (7/15)             Temple (0/1) D:6

Altars:
Cheibriados
Okawaru
Sif Muna
Zin

Shops:
D:6 *[*?


Innate Abilities, Weirdness & Mutations

You are a creature of crystalline ice.
You have a powerful freezing melee attack.
You are amphibious.
Your maximum health is increased.
Your armour is entirely melded.
You are incapable of wielding weapons or throwing items.
((You can breathe wild blasts of lightning.))
((Your glossy black scales are hard. (AC +7)))
You cannot fit into any form of body armour.
((You are resistant to electric shocks. (rElec)))
((You are cold-blooded and may be slowed by cold attacks.))


Message History

Aim: a seven-headed hydra The mass of ice explodes!
The iceblast engulfs the seven-headed hydra!
The seven-headed hydra is moderately wounded.
You hear a bellow!
The seven-headed hydra completely misses you.
The seven-headed hydra bites you!
The seven-headed hydra bites you but does no damage.
The seven-headed hydra bites you.
The seven-headed hydra bites you but does no damage.
The seven-headed hydra bites you.
The seven-headed hydra closely misses you.
You punch the seven-headed hydra!
The seven-headed hydra seems to slow down.
You freeze the seven-headed hydra.
The seven-headed hydra is heavily wounded.
You pummel the seven-headed hydra!! You freeze the seven-headed hydra.
The seven-headed hydra is almost dead.
The seven-headed hydra is no longer moving slowly.
The seven-headed hydra bites you! x2
The seven-headed hydra closely misses you.
The seven-headed hydra bites you! The seven-headed hydra misses you.
The seven-headed hydra bites you!
The seven-headed hydra bites you but does no damage.
You pummel the seven-headed hydra!!
The seven-headed hydra seems to slow down.
You freeze the seven-headed hydra.
You kill the seven-headed hydra!
Your Dodging skill increases to level 5!
Your Spellcasting skill increases to level 5!
You hit the acid dragon. You freeze the acid dragon.
The acid dragon is moderately wounded.
The acid dragon spits acid at you. The splash of acid hits you!!
* * * LOW HITPOINT WARNING * * *
Your magical contamination has completely faded away.
You punch the acid dragon! You freeze the acid dragon.
The acid dragon is almost dead.
The orc warrior hits you from afar with a +0 trident!
You die...

##...........#
..###.###..##
..# ... ##..##
.# ##.. ##..#
## ###.# .
##.#)#
#...##..#.#
..⌠.......#
#...##..#Y# .
##.#D# ###o#
##..# ##..##
###..## #...##
##..# ##.#


You could see an orc warrior and an acid dragon (catching breath).

Vanquished Creatures
  A hydra (D:7)
  Duvessa (D:6)
  2 water moccasins
  An ice beast (D:7)
  3 sky beasts
  A black bear (D:7)
  2 orc warriors
  A necrophage (D:6)
  3 ogres
  A centaur (D:5)
  4 scorpions
  A water moccasin zombie (D:7)
  Dowan (D:6)
  A howler monkey (D:6)
  2 jellies
  2 centaur zombies
  2 hounds
  2 orc priests
  An iguana (D:5)
  A centaur skeleton (D:4)
  Ijyb (D:4)
  6 orc wizards
  A killer bee zombie (D:7)
  A hound zombie (D:5)
  4 gnolls (D:3)
  3 adders
  A howler monkey skeleton (D:6)
  An adder skeleton (D:4)
  2 worms (D:2)
  2 dart slugs
  20 orcs
  7 endoplasms
  A giant cockroach (D:1)
  12 goblins
  7 hobgoblins
  3 jackals (D:4)
  9 kobolds
  2 quokkas
  6 ball pythons
  5 bats
  3 frilled lizards
  3 rats (D:2)
133 creatures vanquished.

Vanquished Creatures (others)
  A fungus (D:1)
  4 plants (D:3)
5 creatures vanquished.

Grand Total: 138 creatures vanquished

Notes
Turn   | Place    | Note
-------+----------+-------------------------------------------
     0 | D:1      | kae the Draconian Transmuter began the quest for the Orb.
     0 | D:1      | Reached XP level 1. HP: 16/16 MP: 3/3
     7 | D:1      | Found a faded altar of an unknown god.
   231 | D:1      | Reached XP level 2. HP: 23/23 MP: 3/5
   602 | D:2      | Found an iron altar of Okawaru.
  1079 | D:2      | Reached XP level 3. HP: 24/28 MP: 4/6
  1083 | D:2      | Learned a level 3 spell: Spider Form
  2140 | D:3      | Reached XP level 4. HP: 30/36 MP: 2/7
  2295 | D:3      | Reached skill level 1 in Poison Magic
  2718 | D:3      | Reached skill level 4 in Unarmed Combat
  2724 | D:3      | Reached XP level 5. HP: 33/41 MP: 3/8
  3460 | D:4      | Learned a level 4 spell: Ice Form
  3712 | D:4      | Noticed Ijyb
  3725 | D:4      | Killed Ijyb
  3726 | D:4      | Reached skill level 1 in Ice Magic
  3939 | D:4      | Found a shimmering blue altar of Sif Muna.
  4111 | D:4      | Found a snail-covered altar of Cheibriados.
  4146 | D:4      | Reached XP level 6. HP: 48/50 MP: 8/10
  4527 | D:4      | Identified a scroll of acquirement
  4527 | D:4      | Acquired a +1 pair of boots of flying
  4549 | D:5      | Entered Level 5 of the Dungeon
  5090 | D:5      | Noticed a sky beast
  5217 | D:5      | Noticed an orc warrior
  5749 | D:5      | Killed an orc warrior
  5750 | D:5      | Reached skill level 5 in Unarmed Combat
  5750 | D:5      | Your scales start taking on a glossy black colour.
  5750 | D:5      | Reached XP level 7. HP: 32/57 MP: 2/11
  5750 | D:5      | Gained mutation: You are resistant to electric shocks.
                  | (rElec) [Black Draconian growth]
  6661 | D:6      | Found Zeprudasm's General Store.
  6744 | D:6      | Bought a potion of heal wounds for 60 gold pieces
  6744 | D:6      | Bought a scroll of identify for 24 gold pieces
  6744 | D:6      | Bought a scroll of teleportation for 36 gold pieces
  6793 | D:6      | Reached XP level 8. HP: 65/66 MP: 10/13
  6846 | D:6      | Found Asuityexe's Armour Shop.
  6892 | D:6      | Reached skill level 6 in Unarmed Combat
  6983 | D:6      | Found Niqic's General Store.
  6997 | D:6      | Found a glowing silver altar of Zin.
  7690 | D:6      | Noticed Duvessa
  7690 | D:6      | Noticed Dowan
  7705 | D:6      | Killed Duvessa
  7716 | D:6      | Killed Dowan
  7855 | D:6      | Found Ynapoel's Magic Scroll Shoppe.
  7865 | D:6      | Bought a scroll of fear for 42 gold pieces
  7869 | D:6      | Bought a scroll of identify for 24 gold pieces
  7869 | D:6      | Bought a scroll of identify for 24 gold pieces
  7869 | D:6      | Bought a scroll of identify for 24 gold pieces
  7869 | D:6      | Bought a scroll of identify for 24 gold pieces
  7869 | D:6      | Bought a scroll of magic mapping for 42 gold pieces
  7940 | D:6      | Found a staircase to the Ecumenical Temple.
  8095 | D:7      | Reached skill level 7 in Unarmed Combat
  8095 | D:7      | Reached XP level 9. HP: 68/73 MP: 13/15
  8229 | D:7      | Reached skill level 5 in Fighting
  8254 | D:7      | Reached skill level 5 in Transmutations
  8342 | D:7      | Noticed a seven-headed hydra
  8342 | D:7      | Noticed a troll
  8359 | D:7      | Killed a seven-headed hydra
  8360 | D:7      | Reached skill level 5 in Dodging
  8360 | D:7      | Reached skill level 5 in Spellcasting
  8360 | D:7      | HP: 3/90 [acid dragon/splash of acid (28)]
  8361 | D:7      | Mangled by an orc warrior

Illustrated notes

Levels and vault maps discovered:
D:1:      dpeg_arrival_tiny_a, layout_rooms, dreamdust_ecumenical_altar_grove
D:2:      layout_basic, basic_altar
D:3:      corexii_shack_village, layout_loops_ring
D:4:      kennysheep_goblin_castle, layout_rooms,
          mainiacjoe_overflow_catch_the_wave, dk_noncrumbling_3,
          chequers_serial_rivers_micro_b, nrook_loot_triangle
D:5:      layout_basic, grunt_decor_fettered, small_statue_intersection
D:6:      layout_rooms, lemuel_tele_altar, temple_hall, serial_shops,
          kennysheep_mini, shop, shop_fountains, nicolae_shop_hallway_stairs,
          minmay_misc_feat_chi, wad_floor_pattern_untrapped, st_stairs_14,
          moated_statue, uniq_duvessa
D:7:      minmay_the_grid_octo_triangle [minmay_the_grid_octo_clover_2,
          minmay_the_grid_octo_prize_big_c, minmay_the_grid_octo_checkered],
          layout_gridville

Skill      XL: |  1  2  3  4  5  6  7  8  9 |
---------------+----------------------------+-----
Dodging        | 2 3 4 5 |  5.0
Fighting       | 2 3 4 5 |  5.7
Poison Magic   | 1 |  1.0
Unarmed Combat | 4 5 7 |  7.9
Ice Magic      | 1 2 3 4 |  4.0
Transmutations | 3 4 5 |  5.4
Spellcasting   | 3 4 5 |  5.0

Action                   |  1- 3 |  4- 6 |  7- 9 || total
-------------------------+-------+-------+-------++-------
Melee: Unarmed           |   107 |   185 |   191 ||   483
       Tailslap          |     7 |     8 |     5 ||    20
       Kick              |    17 |    19 |     7 ||    43
       Headbutt          |     8 |     9 |     2 ||    19
       Punch             |     1 |     2 |     1 ||     4
 Cast: Beastly Appendage |    28 |    22 |     4 ||    54
       Spider Form       |     2 |     9 |    14 ||    25
       Ice Form          |       |     1 |     3 ||     4
Evoke: Wand              |       |       |     1 ||     1
  Use: Scroll            |     6 |     5 |     5 ||    16
       Potion            |       |     1 |       ||     1
Armor: Skin              |    24 |    41 |    33 ||    98
Dodge: Dodged            |    87 |   191 |   168 ||   446

Table legend: (Time is in decaauts)
 A = Elapsed time spent in this place.
 B = Non-inter-level travel time spent in this place.
 C = Inter-level travel time spent in this place.
 D = Time resting spent in this place.
 E = Time spent auto-exploring this place.
 F = Levels seen in this place.
 G = Mean time per level.
                   A        B        C        D        E       F      G
               +--------+--------+--------+--------+--------+-----+--------+
         Total |   8327 |   8097 |    230 |    934 |   5892 |   7 | 1189.6 |
       Dungeon |   8327 |   8097 |    230 |    934 |   5892 |   7 | 1189.6 |
               +--------+--------+--------+--------+--------+-----+--------+

Top non-repeatable levels by time:
     D:4: 1718 daAuts
     D:2: 1683 daAuts
     D:5: 1583 daAuts
     D:6: 1413 daAuts
     D:3: 1078 daAuts
     D:1: 581 daAuts
     D:7: 269 daAuts
